AoeStats
← 乌萨奇

Arabia

509777995Analyzed
3v3 RM · 3d ago on Sep 28, 2026· 56m 41s· 6 players
Game mode
Random Map
Map size
Normal (6 player)
Population
200
Speed
Normal
Resources
Standard
Victory
Conquest
Starting age
Dark Age
Ending age
Imperial Age
RankedLock teamsTeams togetherTeam positionsShared explorationLock speedFull tech treeHidden civsTurbo modeCheats
Victory
Defeat
🇵🇪 Franks · Peru
1231
+12
🇨🇳 Maya · China
1192
+14
🇦🇷 Vietnamese · Argentina
954
+24
🇺🇸 Italians · United States
1161
-17
🇺🇸 Britons · United States
1145
-17
🇨🇳 Burgundians · China
1115
-16
TheKeeG_
6:28 Loom
9:30 Feudal Age
10:48 Double-Bit Axe
11:48 Fletching
13:40 Horse Collar
16:41 Padded Archer Armor
22:06 Castle Age
21:27 Gold Mining
23:07 Bodkin Arrow
24:09 Gold Shaft Mining
22:59 Crossbowman
26:18 Leather Archer Armor
28:46 Ballistics
37:04 Imperial Age
35:12 Wheelbarrow
36:47 Pikeman
37:27 Squires
42:50 Bow Saw
43:20 Bracer
44:47 Chemistry
43:09 Arbalester
45:16 Town Watch
46:26 Ring Archer Armor
48:08 Stone Mining
50:00 Conscription
51:20 Halberdier
52:36 Hand Cart
rafed123
6:39 Loom
9:45 Feudal Age
9:50 Man-at-Arms
10:16 Arson
13:06 Double-Bit Axe
14:05 Fletching
15:59 Scale Mail Armor
17:24 Forging
20:22 Padded Archer Armor
25:35 Castle Age
24:15 Horse Collar
26:34 Bodkin Arrow
28:17 Leather Archer Armor
28:57 Bow Saw
28:38 Gold Mining
30:09 Wheelbarrow
32:27 Imperial Age
33:30 Hand Cart
33:00 Town Watch
34:17 Conscription
35:34 Two-Man Saw
35:29 Light Cavalry
37:34 Bloodlines
37:24 Husbandry
39:01 Hoardings
40:56 Iron Casting
41:34 Heavy Plow
47:19 Crop Rotation
48:50 Elite Skirmisher
51:56 Bracer
52:11 Chain Mail Armor
乌萨奇
5:50 Double-Bit Axe
9:17 Loom
12:29 Feudal Age
14:35 Bow Saw
14:06 Horse Collar
24:56 Castle Age
26:17 Light Cavalry
27:04 Scale Barding Armor
27:09 Forging
29:39 Fletching
36:41 Stone Mining
40:18 Heavy Plow
41:36 Gold Mining
42:24 Stone Shaft Mining
42:31 Wheelbarrow
41:59 Cavalier
43:30 Husbandry
45:43 Chain Barding Armor
51:37 Two-Man Saw
51:09 Crop Rotation
51:16 Gold Shaft Mining
51:44 Iron Casting
55:17 Imperial Age
56:43 Bodkin Arrow
56:13 Paladin
EXILS_ANDRENUS
0:30 Loom
9:45 Feudal Age
12:02 Fletching
12:40 Double-Bit Axe
13:10 Horse Collar
15:50 Padded Archer Armor
24:56 Castle Age
24:59 Elite Skirmisher
28:43 Scale Mail Armor
30:59 Chain Mail Armor
32:24 Eagle Warrior
41:06 Crossbowman
44:18 Guard Tower
44:51 Ballistics
44:42 Bodkin Arrow
46:17 Leather Archer Armor
49:25 Imperial Age
47:41 Thumb Ring
48:01 Forging
49:29 Imperial Skirmisher
50:38 Conscription
50:57 Plate Mail Armor
51:04 Iron Casting
50:43 Elite Eagle Warrior
53:14 Chemistry
52:31 Squires
54:17 Wheelbarrow
53:10 Arbalester
54:23 Bracer
54:29 Stone Mining
56:25 Blast Furnace
57:27 Ring Archer Armor
Tosqui
0:57 Loom
10:06 Feudal Age
14:40 Double-Bit Axe
18:04 Fletching
18:37 Padded Archer Armor
25:48 Castle Age
24:07 Gold Mining
28:57 Crossbowman
31:34 Town Watch
33:09 Ballistics
34:08 Wheelbarrow
38:28 Bodkin Arrow
41:47 Imperial Age
39:49 Pikeman
42:52 Squires
43:48 Bracer
43:52 Horse Collar
44:27 Thumb Ring
45:44 Bow Saw
47:36 Leather Archer Armor
48:07 Hand Cart
47:54 Scale Mail Armor
48:56 Forging
48:35 Arson
51:14 Ring Archer Armor
51:20 Iron Casting
50:46 Stone Mining
52:43 Chain Mail Armor
52:23 Treadmill Crane
54:22 Chemistry
53:34 Capped Ram
55:14 Paper Money
55:26 Plate Mail Armor
CharlesPK
9:15 Feudal Age
7:30 Loom
10:40 Double-Bit Axe
16:30 Scale Barding Armor
17:23 Forging
22:28 Castle Age
23:42 Chain Barding Armor
23:43 Husbandry
23:56 Bow Saw
24:26 Light Cavalry
27:34 Iron Casting
28:37 Wheelbarrow
32:45 Town Watch
34:56 Gold Mining
35:48 Hand Cart
42:27 Town Patrol
45:37 Imperial Age
43:17 Ordonnance Companies
44:06 Fletching
45:38 Cavalier
46:54 Plate Barding Armor
47:21 Blast Furnace
46:55 Conscription
48:02 Gold Shaft Mining
47:20 Stone Mining
47:08 Paladin
52:41 Chemistry
52:02 Ballistics
54:29 Treadmill Crane
54:45 Bodkin Arrow
54:51 Padded Archer Armor
Connection lost

Rejoining the realm…

Still unreachable

The connection could not be restored.

Session expired

The server has moved on; the page needs a fresh start.